 Dungeon Crawl Stone Soup version 0.30-a0-371-gad7725a93e (webtiles) character file.

Game seed: 14399366724315831260

2551 Maxmaps the Insei (level 9, -9/75 HPs)
             Began as a Vine Stalker Monk on Nov 21, 2022.
             Was a Priest of Cheibriados.
             Mangled by a hornet (10 damage)
             ... while paralysed by a hornet
             ... on level 8 of the Dungeon.
             The game lasted 00:06:37 (5316 turns).

Maxmaps the Insei (Vine Stalker Monk)               Turns: 5316, Time: 00:06:38

Health: -9/75      AC:  6    Str: 20    XL:     9   Next: 56%
Magic:  0/10       EV:  2    Int: 20    God:    Cheibriados [***...]
Gold:   255        SH:  0    Dex: 23    Spells: 8/8 levels left

rFire   + . .      SeeInvis .      - Unarmed
rCold   . . .      Faith    .    (no shield)
rNeg    . . .      Spirit   +    f - +0 scale mail
rPois   .          Reflect  .    (no helmet)
rElec   .          Harm     .    o - +0 cloak
rCorr   .          Rampage  .    n - +0 pair of gloves
Will    +....                    (no boots)
Stlth   ..........               k - amulet of regeneration
HPRegen 1.92/turn                m - +4 ring of slaying
MPRegen 0.12/turn                t - ring of protection from fire

@: paralysed, berserking, lethally poisoned (-9 -> -13), corroded, slowed, very
slow
A: fangs 3, regeneration 1, magic shield, antimagic bite, no potion heal 2
a: Renounce Religion, Bend Time, Temporal Distortion


You were on level 8 of the Dungeon.
You worshipped Cheibriados.
Cheibriados was most pleased with you.
You visited 2 branches of the dungeon, and saw 8 of its levels.
You also visited: Sewer.

You collected 275 gold pieces.
You spent 20 gold pieces at shops.

Inventory:

Armour
 f - a +0 scale mail (worn)
 n - a +0 pair of gloves (worn)
 o - a +0 cloak (worn)
Jewellery
 k - an amulet of regeneration (around neck)
 m - a +4 ring of slaying (left hand)
 t - a ring of protection from fire (right hand)
 u - a ring of willpower
 v - a ring of protection from fire
 x - an amulet of magic regeneration
Scrolls
 a - a scroll of identify
 c - a scroll of butterflies
 d - 2 scrolls of magic mapping
 e - 2 scrolls of enchant armour
 g - 2 scrolls of immolation
 i - a scroll of poison {unknown}
 l - 3 scrolls of enchant weapon
 q - 7 scrolls of teleportation
 y - a scroll of amnesia {unknown}
Potions
 b - a potion of ambrosia
 h - a potion of curing {unknown}
 j - 2 potions of attraction
 p - 4 potions of flight
 r - 2 potions of resistance
 s - a potion of berserk rage
 w - 2 potions of magic
 z - 2 potions of degeneration {unknown}


   Skills:
 - Level 7.0 Fighting
 - Level 6.6 Armour
 - Level 2.4 Dodging
 - Level 2.4 Stealth
 + Level 7.4 Unarmed Combat


You had 8 spell levels left.
You didn't know any spells.
Your spell library contained the following spells:

 Spells                   Type           Power      Damage    Failure   Level
 Summon Small Mammal      Summ           0%         N/A       45%         1
 Sublimation of Blood     Necr           0%         N/A       58%         2
 Wereblood                Tmut           0%         N/A       58%         2
 Call Canine Familiar     Summ           0%         N/A       83%         3
 Ozocubu's Armour         Ice            0%         N/A       83%         3
 Portal Projectile        Hex/Tloc       0%         N/A       83%         3
 Summon Guardian Golem    Hex/Summ       0%         N/A       83%         3
 Leda's Liquefaction      Hex/Erth       0%         N/A       99%         4
 Ozocubu's Refrigeration  Ice            0%         4d7       100%        7
 Summon Hydra             Summ           0%         N/A       100%        7


Dungeon Overview and Level Annotations

Branches:
Dungeon (8/15)             Temple (1/1) D:5           Sewer (visited)
   Lair: D:8-11

Altars:
Ashenzari
Cheibriados
Dithmenos
Elyvilon
Fedhas
Gozag
Hepliaklqana
Kikubaaqudgha
Makhleb
Nemelex Xobeh
Qazlal
Sif Muna
Trog
Uskayaw
Vehumet
Wu Jian
Xom
Yredelemnul
Zin
The Shining One

Shops:
D:4 [?   D:6 !


Innate Abilities, Weirdness & Mutations

You have razor-sharp teeth.
Your natural rate of healing is unusually fast.
When hurt, damage is shared between your health and your magic reserves.
Your bite disrupts and absorbs the magic of your enemies.
Potions cannot restore your health.


Message History

The hornet stings you!
You are more poisoned.
You feel as though you will be slow longer.
A red film seems to cover your vision as you go berserk!
Cheibriados forces you to slow down.
You feel mighty!
You feel extremely sick.
The hornet stings you but does no damage.
The hornet closely misses you.
You hit the hornet.
The hornet is lightly wounded.
You feel very sick. The hornet stings you.
* * * LOW HITPOINT WARNING * * *
You feel as though you will be slow longer.
The hornet barely misses you.
You hit the hornet but do no damage. You bite the hornet! You drain its power.
You feel invigorated.
The hornet is heavily wounded.
You feel very sick. The hornet misses you. The hornet barely misses you.
You barely miss the hornet. Your bite misses the hornet.
The hornet is moderately wounded.
You feel very sick. The hornet closely misses you.
The hornet completely misses you.
Unknown command.
You miss the hornet.
The hornet is moderately wounded.
You feel very sick. The hornet stings you!
* * * LOW HITPOINT WARNING * * *
You are more poisoned.
You feel as though you will be slow longer.
The hornet stings you!
* * * LOW HITPOINT WARNING * * *
You suddenly lose the ability to move!
* * * LOW HITPOINT WARNING * * *
You feel very sick. The hornet stings you!
You die...

#.# #.# ##.## #...#
.#./.. #.).# .....
##...## .....
#.....# ## ....
##.#.#.# .# ...
###).#@# .##.#
####...##y#
.#.#####....###.D.
.........#### ..⌠..
...#####....###...##
.##<..#####...##.##
.##.....# #..#?#
.##..##.# .###
##...# #


You could see a hornet and an acid dragon.

Vanquished Creatures
  Pikel (D:4)
  Maggie (D:7)
  A troll (D:5)
  Menkaure (D:4)
  Duvessa (D:7)
  An ice beast (D:6)
  An ogre (D:7)
  A centaur (D:6)
  A kobold brigand (D:6)
  A bullfrog (D:7)
  2 necrophages (D:6)
  3 scorpions (D:5)
  Dowan (D:7)
  A lava snake (D:7)
  5 hounds
  3 jellies
  Crazy Yiuf (D:4)
  An iguana (D:4)
  An orc wizard (D:6)
  A merfolk siren (Sewer)
  A merfolk avatar (Sewer)
  3 gnolls (D:7)
  8 adders
  3 river rats
  2 white imps (D:5)
  An ufetubus (D:6)
  2 worms
  A dart slug (D:1)
  8 orcs
  4 bats
  4 endoplasms
  4 giant cockroaches
  7 goblins
  6 hobgoblins
  3 quokkas
  9 ball pythons
  5 frilled lizards
  8 kobolds
  30 rats
138 creatures vanquished.

Notes
Turn   | Place    | Note
-------+----------+-------------------------------------------
     0 | D:1      | Maxmaps the Vine Stalker Monk began the quest for the Orb.
     0 | D:1      | Reached XP level 1. HP: 11/11 MP: 2/2
   226 | D:1      | Reached XP level 2. HP: 16/16 MP: 3/3
   320 | D:1      | Reached skill level 1 in Armour
   704 | D:2      | Reached XP level 3. HP: 20/20 MP: 4/4
  1024 | D:2      | You fall into a shaft and drop 2 floors!
  1158 | D:4      | Gained mutation: Your natural rate of healing is unusually
                  | fast. [Vine Stalker growth]
  1158 | D:4      | Reached XP level 4. HP: 24/24 MP: 5/5
  1195 | D:4      | Found Iguuf's Magic Scroll Shoppe.
  1205 | D:4      | Bought a scroll of identify for 20 gold pieces
  1231 | D:4      | Found a glowing drain.
  1247 | Sewer    | Entered a sewer
  1315 | Sewer    | Reached XP level 5. HP: 28/28 MP: 6/6
  1467 | Sewer    | Noticed a malarious merfolk avatar
  1492 | Sewer    | Killed a malarious merfolk avatar
  1701 | D:4      | Noticed a lemure
  1701 | D:4      | Noticed a lemure
  1702 | D:4      | Noticed Pikel
  1707 | D:4      | Noticed a lemure
  1712 | D:4      | Noticed a lemure
  1717 | D:4      | Killed Pikel
  1718 | D:4      | Reached XP level 6. HP: 13/32 MP: 5/7
  1718 | D:4      | Reached XP level 7. HP: 15/36 MP: 5/8
  2129 | D:4      | Noticed Menkaure
  2133 | D:4      | Killed Menkaure
  2135 | D:4      | Gained mutation: You have razor-sharp teeth. [Vine Stalker
                  | growth]
  2135 | D:4      | Reached XP level 8. HP: 32/42 MP: 6/9
  2195 | D:4      | Found Cecadod's Armour Emporium.
  2414 | D:4      | Found a runed translucent door.
  2415 | D:4      | Noticed Crazy Yiuf
  2421 | D:4      | Killed Crazy Yiuf
  2462 | D:5      | Entered Level 5 of the Dungeon
  2528 | D:5      | Reached skill level 5 in Fighting
  2611 | D:5      | Noticed a troll
  2640 | D:5      | Killed a troll
  2715 | D:5      | Found a staircase to the Ecumenical Temple.
  2938 | Temple   | Entered the Ecumenical Temple
  3146 | Temple   | Became a worshipper of Cheibriados the Contemplative
  3146 | Temple   | Reached * piety under Cheibriados
  3146 | Temple   | Reached ** piety under Cheibriados
  3543 | D:6      | Found Kutagosh's Distillery.
  3625 | D:6      | Reached XP level 9. HP: 50/50 MP: 10/10
  3759 | D:6      | Reached skill level 5 in Unarmed Combat
  3830 | D:6      | Found a burning altar of Makhleb.
  4735 | D:7      | Found an opulent altar of Gozag.
  4887 | D:7      | Noticed Maggie
  4899 | D:7      | Killed Maggie
  4903 | D:7      | Reached *** piety under Cheibriados
  5049 | D:7      | Noticed Duvessa
  5049 | D:7      | Noticed Dowan
  5056 | D:7      | Killed Duvessa
  5061 | D:7      | Killed Dowan
  5207 | D:7      | Found a shadowy altar of Dithmenos.
  5208 | D:7      | Found a stormy altar of Qazlal.
  5307 | D:8      | Noticed a hornet
  5315 | D:8      | HP: 3/75 [hornet (8)]
  5315 | D:8      | Paralysed by a hornet for 2 turns
  5316 | D:8      | HP: 1/75 [poisoned by a hornet]
  5316 | D:8      | Mangled by a hornet

Illustrated notes

Levels and vault maps discovered:
D:1:      sevenhm_arrival_forest_fort_small_3, layout_loops_ring
D:2:      layout_basic, serial_park_tiny_2
D:4:      layout_loops_corners, serial_shops, kennysheep_mini, shop_fountains,
          portal_sewer_entry_b, grunt_tough_drop, uniq_menkaure,
          uniq_crazy_yiuf_cottage, uniq_pikel
D:5:      layout_basic, minmay_temple_entry_junction_2
D:6:      layout_cave_pools, mainiacjoe_overflow_alcove_1, serial_shops, shop,
          nicolae_benzene_ring, serial_park_tiny_pond, roderic_serpentine_path
D:7:      layout_basic, amcnicky_altar_gilded, gammafunk_temple_overflow_pools,
          grunt_decor_junction, uniq_maggie, uniq_duvessa
D:8:      minmay_general_purpose_star, layout_rooms, okawaru_humans,
          minmay_misc_feat_ornament
Temple:   eino_temple_scatter_basement

Skill      XL: |  1  2  3  4  5  6  7  8  9 |
---------------+----------------------------+-----
Fighting       | 3 4 7 |  7.0
Armour         | 1 2 3 6 |  6.6
Unarmed Combat | 4 7 |  7.4
Dodging        | |  2.4
Stealth        | |  2.4

Action                   |  1- 3 |  4- 6 |  7- 9 || total
-------------------------+-------+-------+-------++-------
Melee: Unarmed           |    92 |   140 |   186 ||   418
       Bite              |    26 |    20 |    66 ||   112
       Punch             |     2 |     4 |    11 ||    17
  Use: Scroll            |     2 |     2 |     7 ||    11
       Potion            |       |     1 |     3 ||     4
 Stab: Sleeping          |     1 |       |       ||     1
Armor: Robe              |     6 |       |       ||     6
       Scale mail        |    30 |    90 |    74 ||   194
Dodge: Dodged            |    64 |    93 |   101 ||   258

Table legend: (Time is in decaauts)
 A = Elapsed time spent in this place.
 B = Non-inter-level travel time spent in this place.
 C = Inter-level travel time spent in this place.
 D = Time resting spent in this place.
 E = Time spent auto-exploring this place.
 F = Levels seen in this place.
 G = Mean time per level.
                   A        B        C        D        E       F      G
               +--------+--------+--------+--------+--------+-----+--------+
         Total |   6306 |   6013 |    293 |     35 |   4882 |   9 |  700.7 |
       Dungeon |   5626 |   5383 |    243 |     35 |   4490 |   7 |  803.7 |
        Temple |    234 |    185 |     49 |      0 |    167 |   1 |  234.0 |
         Sewer |    446 |    446 |      0 |      0 |    224 |   1 |  446.0 |
               +--------+--------+--------+--------+--------+-----+--------+

Top non-repeatable levels by time:
     D:7: 1590 daAuts
     D:6: 1063 daAuts
     D:4: 1013 daAuts
     D:5: 881 daAuts
     D:1: 632 daAuts
   Sewer: 446 daAuts
     D:2: 385 daAuts
  Temple: 234 daAuts
     D:8: 59 daAuts
